Map: Abyssal Reef LE

Players

Fropez - Winner!

  • Race: Protoss Protoss
  • League: Platinum
  • Spawn Location: 5:00

Enzion

  • Race: Zerg Zerg
  • League: Gold
  • Spawn Location: 11:00

VOD

Have the link to the VOD?

Description

Time

  • Played on: Jan. 26, 2017, 12:41 p.m.
  • Length: 21:21
Show
View Real Time Build Order
Export as new Build Order

Fropez Protoss - Winner!

Build Orders: 1 Gate Expand 

Get SALT Encoding   

  12  0:01  Probe (Chrono Boost)  
  13  0:12  Probe (Chrono Boost)  
  14  0:19  Pylon  
  14  0:23  Probe (Chrono Boost)  
  15  0:43  Gateway  
  15  0:45  Assimilator  
  15  0:48  Probe (Chrono Boost)  
  16  1:02  Pylon  
  16  1:05  Probe (Chrono Boost)  
  17  1:24  Nexus  
  17  1:30  Pylon  
  17  1:35  Cybernetics Core  
  17  1:39  Probe (Chrono Boost)  
  18  1:50  Probe (Chrono Boost)  
  19  2:00  Probe (Chrono Boost)  
  20  2:11  Probe (Chrono Boost)  
  20  2:12  Assimilator  
  21  2:26  Warp Gate  
  21  2:29  Mothership Core (Chrono Boost)  
  23  2:32  Zealot  
  23  2:36  Pylon  
  25  2:39  Probe (Chrono Boost)  
  26  2:47  Pylon  
  26  2:48  Probe (Chrono Boost)  
  26  2:49  Pylon  
  26  2:51  Probe (Chrono Boost)  
  28  3:00  Probe (Chrono Boost)  
  30  3:05  Probe (Chrono Boost)  
  30  3:07  Adept  
  32  3:20  Gateway  
  32  3:22  Gateway  
  32  3:23  Gateway  
  32  3:30  Probe (Chrono Boost)  
  32  3:31  Adept, Pylon, Probe (Chrono Boost)  
  36  3:52  Probe x2 (Chrono Boost)  
  38  4:01  Twilight Council  
  38  4:02  Gateway  
  39  4:04  Probe (Chrono Boost)  
  39  4:06  Assimilator  
  39  4:32  Robotics Facility  
  39  4:37  Assimilator, Blink  
  39  4:43  Pylon  
  39  4:46  Adept x4  
  45  5:01  Stalker  
  45  5:02  Forge  
  47  5:07  Stalker  
  47  5:11  Probe (Chrono Boost)  
  47  5:14  Stalker  
  53  5:18  Immortal  
  56  5:30  Probe x2 (Chrono Boost)  
  58  5:40  Stalker  
  58  5:41  Stalker  
  62  5:49  Stalker x2  
  66  6:10  Immortal  
  64  6:13  Stalker x2  
  64  6:18  Probe x2 (Chrono Boost)  
  74  6:28  Adept x2  
  78  6:42  Pylon  
  78  6:55  Immortal  
  78  7:01  Pylon, Probe x2 (Chrono Boost)  
  84  7:09  Robotics Facility  
  84  7:16  Photon Cannon  
  84  7:18  Protoss Ground Weapons Level 1  
  84  7:19  Adept x3  
  84  7:20  Adept, Photon Cannon  
  92  7:25  Resonating Glaives  
  92  7:30  Stalker  
  94  8:04  Pylon  
  94  8:06  Pylon  
  94  8:20  Immortal  
  94  8:22  Immortal  
  84  8:36  Stalker x3  
  84  8:37  Stalker  
  88  8:51  Probe x2 (Chrono Boost)  
  90  8:57  Protoss Ground Armor Level 1  
  90  8:59  Observer  
  90  9:01  Observer  
  90  9:02  Photon Cannon  
  92  9:13  Pylon  
  92  9:15  Stalker x3  
  81  9:55  Stalker x2  
  81  9:56  Stalker x3  
  85  10:40  Nexus, Protoss Ground Weapons Level 2  
  85  10:45  Probe x2 (Chrono Boost)  
  79  11:01  Stalker x4  
  79  11:02  Stalker  
  79  11:03  Immortal x2  
  93  11:07  Pylon  
  94  11:12  Probe (Chrono Boost)  
  94  11:13  Pylon  
  94  11:14  Probe (Chrono Boost)  
  95  11:24  Probe (Chrono Boost)  
  78  11:59  Immortal x2  
  78  12:09  Robotics Bay  
  78  12:12  Pylon, Probe (Chrono Boost)  
  78  12:13  Probe (Chrono Boost)  
  78  12:14  Probe (Chrono Boost)  
  77  12:25  Photon Cannon  
  77  12:30  Photon Cannon  
  77  12:34  Stalker x5  
  89  12:37  Probe x2 (Chrono Boost)  
  89  12:38  Protoss Ground Armor Level 2  
  89  12:48  Pylon  
  89  12:53  Pylon  
  89  13:02  Stalker x2  
  91  13:21  Probe (Chrono Boost)  
  91  13:22  Probe x2 (Chrono Boost)  
  94  13:30  Stalker x2  
  98  13:42  Assimilator  
  98  13:44  Extended Thermal Lance  
  98  13:45  Assimilator  
  96  14:05  Adept x2  
  96  14:06  Adept x3  
  106  14:23  Nexus  
  104  14:27  Pylon  
  104  14:33  Protoss Ground Weapons Level 3, Stalker  
  104  14:34  Stalker x3  
  112  14:39  Zealot  
  114  14:57  Adept x2  
  114  14:58  Adept  
  120  15:13  Probe (Chrono Boost)  
  123  15:15  Probe x2 (Chrono Boost)  
  123  15:16  Nexus  
  123  15:20  Pylon  
  123  15:29  Colossus  
  129  15:41  Stalker x4  
  137  15:50  Photon Cannon  
  137  15:54  Pylon  
  137  16:00  Pylon  
  105  16:45  Assimilator  
  105  16:48  Assimilator  
  105  16:58  Templar Archives  
  105  17:00  Protoss Ground Armor Level 3  
  105  17:05  Gateway x2  
  105  17:10  Gateway  
  105  17:12  Pylon  
  105  17:13  Stalker x3  
  105  17:14  Stalker x2  
  115  17:23  Colossus x2  
  119  17:51  Stalker x2  
  119  17:52  Stalker x3  
  129  18:03  High Templar x2  
  133  18:11  Archon  
  133  18:12  Charge  
  133  18:21  High Templar x2  
  133  18:27  Probe (Chrono Boost)  
  139  18:28  Probe x2 (Chrono Boost)  
  139  18:29  Probe (Chrono Boost)  
  141  18:38  Nexus  
  142  18:41  Probe (Chrono Boost)  
  142  18:42  Probe (Chrono Boost), Assimilator  
  142  18:43  Probe x2 (Chrono Boost)  
  142  18:45  Assimilator  
  142  18:48  Stalker x6  
  153  18:49  Pylon, Archon  
  153  18:52  Pylon  
  157  18:56  Pylon  
  153  19:21  High Templar x2  
  153  19:22  High Templar  
  153  19:23  Protoss Shields Level 1, Zealot x2  
  153  19:24  Zealot x3  
  161  19:28  Archon  
  149  19:47  Stalker x4  
  149  19:48  Stalker  
  159  19:57  Nexus  
  159  20:01  Assimilator  
  159  20:04  Assimilator  
  159  20:08  Pylon  
  159  20:11  Pylon  
  159  20:26  Stalker x2  
  159  20:27  Stalker x5  
  141  21:10  Zealot  
  141  21:11  Zealot x7  
Show
View Real Time Build Order
Export as new Build Order

Enzion Zerg 

Build Orders: Hatch First, Lurkers 

Get SALT Encoding   

  12  0:02  Drone  
  13  0:10  Drone  
  14  0:15  Extractor  
  14  0:30  Extractor  
  14  0:33  Extractor, Drone  
  14  0:34  Drone  
  16  0:53  Hatchery  
  15  0:58  Overlord  
  15  1:18  Spawning Pool  
  15  1:32  Drone  
  15  1:33  Drone x2  
  17  1:48  Extractor  
  17  1:50  Extractor, Drone  
  16  1:58  Drone  
  17  2:09  Drone x2  
  17  2:13  Queen x2  
  23  2:19  Drone  
  23  2:20  Drone  
  25  2:28  Drone x2  
  27  2:40  Zergling x2  
  27  2:42  Overlord  
  28  2:55  Overlord  
  28  3:03  Drone x3  
  31  3:06  Lair  
  31  3:17  Roach Warren  
  31  3:18  Drone x2  
  32  3:25  Spine Crawler  
  31  3:28  Spine Crawler  
  31  3:29  Drone  
  31  3:34  Drone  
  31  3:35  Drone  
  31  3:38  Zergling x2  
  31  3:40  Zergling x2  
  35  3:59  Roach x4  
  43  4:19  Overlord x3  
  43  4:34  Hydralisk Den  
  43  4:36  Drone x2  
  43  4:37  Drone x6  
  43  4:38  Drone  
  51  4:45  Extractor  
  50  4:47  Extractor  
  50  4:52  Roach x3  
  55  5:02  Overseer  
  55  5:25  Lurker Den  
  55  5:26  Evolution Chamber  
  55  5:27  Evolution Chamber  
  53  5:29  Evolution Chamber  
  53  5:34  Drone x3  
  53  5:35  Drone  
  47  6:14  Hydralisk x5  
  47  6:15  Hydralisk x5  
  59  7:00  Overlord x2  
  59  7:01  Overlord x3  
  59  7:15  Zerg Ground Armor Level 1  
  59  7:16  Zerg Missile Weapons Level 1  
  59  7:18  Zerg Melee Weapons Level 1  
  59  7:22  Lurker x2  
  60  7:26  Lurker  
  63  7:30  Zergling x12  
  63  7:34  Drone  
  69  7:40  Muscular Augments  
  69  7:55  Hydralisk x3  
  75  8:03  Metabolic Boost  
  69  8:36  Hydralisk  
  69  8:37  Hydralisk x6  
  83  9:00  Zergling x2  
  83  9:01  Zergling x14  
  73  9:50  Hydralisk x5  
  73  9:51  Hydralisk x3  
  78  10:21  Hydralisk x3  
  80  10:31  Overlord x4  
  66  10:49  Hatchery  
  57  10:57  Hydralisk  
  57  10:58  Hydralisk x7  
  57  10:59  Hydralisk x3  
  67  11:08  Overseer  
  67  11:11  Zerg Missile Weapons Level 2  
  67  11:13  Zerg Ground Armor Level 2  
  67  11:15  Zerg Melee Weapons Level 2  
  67  11:20  Lurker  
  68  11:29  Zergling x8  
  55  11:56  Zergling x2, Roach x2  
  55  11:57  Zergling x6  
  53  12:08  Roach x2  
  53  12:09  Roach  
  57  12:19  Drone  
  57  12:20  Drone x2  
  57  12:22  Queen  
  59  12:59  Hydralisk x4  
  59  13:00  Hydralisk x6  
  79  13:11  Drone x2  
  66  13:27  Hydralisk x3  
  66  13:28  Hydralisk x7  
  66  13:29  Hydralisk  
  88  13:42  Lurker x3  
  88  13:43  Lurker  
  88  13:47  Zergling x10  
  97  14:07  Drone  
  97  14:08  Drone x6  
  104  14:12  Extractor  
  104  14:15  Extractor  
  102  14:20  Zergling x8  
  100  15:02  Hydralisk x3  
  94  16:13  Hydralisk x6  
  94  16:14  Hydralisk x6  
  94  16:16  Hydralisk  
  85  16:36  Roach x6  
  85  16:37  Roach x7  
  103  16:51  Lurker  
  103  16:52  Lurker x2  
  103  16:53  Overlord x2, Hatchery  
  103  16:54  Overlord x2  
  103  17:07  Zergling x4  
  103  17:08  Zergling x2  
  96  17:31  Hydralisk x7  
  96  17:32  Hydralisk x4  
  116  17:55  Zergling x8  
  116  17:56  Zergling x4  
  122  18:12  Overseer x2  
  122  18:25  Hatchery  
  121  18:35  Hatchery  
  120  18:47  Infestation Pit  
  72  19:36  Hydralisk  
  72  19:37  Hydralisk x7  
  72  19:38  Hydralisk x6  
  65  19:39  Hydralisk x3  
  81  19:59  Hydralisk  
  83  20:00  Zergling x4  
  83  20:01  Zergling x2, Roach x3  
  83  20:06  Lurker x6  
  63  20:40  Roach  
  63  20:41  Roach x5  
Tags
 
Composition
Lurkers
Matchup
PvZ
Replay Pack
All Mines
Spawn Locations
Cross Positions
Add a new tag
Caveats
  • Supply blocks, unpowered buildings, or Contaminate may cause inaccurate times.
  • Supply counts are checked every 10 seconds.